 Dungeon Crawl Stone Soup version 0.31-a0-177-g4aa6249778 (webtiles) character file.

Game seed: 12194976284949667049

8395 Demosthentine the Fighter (level 11, 0/123 HPs)
             Began as a Demonspawn Gladiator on June 19, 2023.
             Was a Priest of Hepliaklqana.
             Slain by a freezing wraith (3 damage)
             ... in an ice cave.
             The game lasted 00:11:55 (11999 turns).

Demosthentine the Fighter (Demonspawn Gladiator)   Turns: 11999, Time: 00:11:55

Health: 0/123      AC:  8    Str: 16    XL:     11   Next: 9%
Magic:  15/15      EV: 16    Int: 10    God:    Hepliaklqana [***...]
Gold:   1461       SH:  0    Dex: 17    Spells: 10/10 levels left

rFire   . . .        a - +1 trident (venom)
rCold   + . .        (no shield)
rNeg    . . .        b - +0 leather armour
rPois   .            c - +0 helmet
rElec   .            q - +0 cloak {Will+}
rCorr   .            (no gloves)
SInv    .            (boots unavailable)
Will    ++...        J - amulet of magic regeneration Stlth
                     i - ring of willpower
HPRegen 0.40/turn    v - ring of protection from cold
MPRegen 0.54/turn

%: no passive effects
@: berserking, very quick
A: reduced essence, hooves 3, rugged brown scales 2, foul stench 2, powered by
death 1
a: Renounce Religion, Recall Ancestor, Ancestor Identity, Transference


You were in an ice cave.
You worshipped Hepliaklqana.
Hepliaklqana was most pleased with you.
You visited 2 branches of the dungeon, and saw 12 of its levels.
You also visited: Ice Cave.

You collected 1461 gold pieces.

Inventory:

Hand Weapons
 a - a +1 trident of venom (weapon)
 B - a +2 orcbow of electrocution
Missiles
 d - 5 throwing nets (quivered)
 e - 11 javelins
 r - 4 poisoned darts
 D - a curare-tipped dart
 E - a boomerang
Armour
 b - a +0 leather armour (worn)
 c - a +0 helmet (worn)
 q - a +0 cloak of willpower (worn)
 I - a +2 cloak of preservation
Jewellery
 i - a ring of willpower (left hand)
 v - a ring of protection from cold (right hand)
 J - an amulet of magic regeneration (around neck)
Wands
 m - a wand of quicksilver (17)
 n - a wand of charming (11)
 o - a wand of iceblast (31)
 p - a wand of flame (10)
 u - a wand of digging (2)
 K - a wand of mindburst (4)
Scrolls
 g - 2 scrolls of blinking
 h - a scroll of vulnerability
 j - 7 scrolls of teleportation
 s - a scroll of enchant weapon
 y - a scroll of fog
Potions
 f - a potion of attraction
 k - 3 potions of magic
 l - a potion of lignification
 t - a potion of cancellation
 w - a potion of enlightenment
 z - a potion of resistance {unknown}
 A - a potion of curing
 C - a potion of mutation {unknown}
 F - a potion of invisibility {unknown}
 G - a potion of brilliance {unknown}


   Skills:
 + Level 8.9 Fighting
 + Level 8.4 Polearms
 - Level 1.7 Throwing
 - Level 6.5 Armour
 + Level 8.5 Dodging
 + Level 5.9 Invocations


You had 10 spell levels left.
You didn't know any spells.
Your spell library contained the following spells:

 Spells                   Type           Power      Damage    Failure   Level
 Foxfire                  Conj/Fire      0%         2x1d4     41%         1
 Cigotuvi's Dreadful Rot  Necr/Pois/Air  0%         N/A       56%         2
 Lesser Beckoning         Tloc           0%         N/A       56%         2
 Gell's Gravitas          Tloc           0%         N/A       80%         3
 Ignite Poison            Fire/Tmut/Pois 0%         N/A       80%         3
 Teleport Other           Tloc           0%         N/A       80%         3
 Cause Fear               Hex            0%         N/A       99%         4
 Fireball                 Conj/Fire      0%         3d3       100%        5
 Freezing Cloud           Conj/Ice/Air   0%         6-21      100%        5
 Plasma Beam              Fire/Air       0%         2x1d10    100%        6
 Starburst                Conj/Fire      0%         6d3       100%        6
 Dragon Form              Tmut           0%         N/A       100%        7
 Dragon's Call            Summ           0%         N/A       100%        9


Dungeon Overview and Level Annotations

Branches:
Dungeon (11/15)            Temple (1/1) D:5            Lair (0/5) D:10
    Orc (0/2) D:9           IceCv (1/1)

Altars:
Ashenzari
Cheibriados
Dithmenos
Fedhas
Gozag
Hepliaklqana
Kikubaaqudgha
Makhleb
Nemelex Xobeh
Okawaru
Qazlal
Ru
Sif Muna
Trog
Uskayaw
Vehumet
Wu Jian
Xom
Yredelemnul

Shops:
D:6 :


Innate Abilities, Weirdness & Mutations

Your life essence is reduced to manifest your ancestor. (-10% HP)
You have hooves in place of feet.
You are mostly covered in rugged brown scales. (AC +2, +5% HP)
You sometimes emit foul miasma when damaged in melee.
You regenerate a little health from kills.


Message History

Busisiwe gestures at the freezing wraith while chanting.
The freezing wraith easily resists.
Busisiwe hits the freezing wraith with a +0 dagger of draining!
Busisiwe points at the freezing wraith and mumbles some strange words.
The freezing wraith easily resists.
The freezing wraith hits something but does no damage.
The freezing wraith closely misses something.
The freezing wraith hits something!
The freezing wraith freezes something!
The freezing wraith barely misses something.
The freezing wraith barely misses Busisiwe.
The freezing wraith hits Busisiwe.
The freezing wraith drains Busisiwe's vigour!
Busisiwe seems to slow down.
Busisiwe gestures at the freezing wraith while chanting.
The freezing wraith easily resists.
The freezing wraith hits Busisiwe!
Busisiwe is destroyed!
A red film seems to cover your vision as you go berserk!
You feel yourself moving faster!
You feel mighty! The freezing wraith closely misses you.
The freezing wraith hits you but does no damage.
You hit the freezing wraith but do no damage.
You kick the freezing wraith, but do no damage.
The freezing wraith hits you but does no damage. x2
You hit the freezing wraith. You kick the freezing wraith!
The freezing wraith is moderately damaged.
The freezing wraith closely misses you.
The freezing wraith completely misses you.
The freezing wraith misses you. The freezing wraith barely misses you.
You hit the freezing wraith but do no damage.
The freezing wraith is moderately damaged.
You feel yourself speed up. The freezing wraith misses you.
The freezing wraith hits you but does no damage.
The freezing wraith hits you!
* * * LOW HITPOINT WARNING * * *
The freezing wraith freezes you! You resist.
* * * LOW HITPOINT WARNING * * *
You emit a cloud of foul miasma!
The freezing wraith hits you.
You die...

### ##..## #....## ####
......# ##..######
##.....# ##....##..##
###......##
#..........###.........#
#.∩.∩.......#..@W......#
#.......##....##W......#
##....#####..####.....##
##..## #..## #......#
#### ≈≈≈≈# ##....##
≈≈≈≈≈≈≈ ##...# ###
#≈≈≈≈≈## ##..## ##.##
#≈#≈## ##..# ##...# ##..
#..####.W..#


You could see 2 freezing wraiths.

Vanquished Creatures
  A two-headed ogre (D:10)
  Pikel (D:7)
  2 trolls
  2 wyverns (D:9)
  A wraith (D:9)
  3 yaks
  2 vampire mosquitoes (D:7)
  Edmund (D:6)
  A water moccasin (D:5)
  2 black bears (D:6)
  2 orc warriors
  2 sky beasts
  An ogre (D:7)
  A centaur (D:9)
  A kobold brigand (D:11)
  2 bullfrogs (D:9)
  A two-headed ogre simulacrum (IceCv)
  6 scorpions
  2 cane toad simulacra (IceCv)
  8 wights
  3 killer bees (D:9)
  An elephant simulacrum (IceCv)
  2 howler monkeys (D:10)
  11 orc priests
  3 hounds
  2 jellies
  A gnoll bouda (D:4)
  Ijyb (D:5)
  A hexer (D:10)
  4 iguanas
  5 orc wizards
  A polar bear simulacrum (IceCv)
  A troll simulacrum (IceCv)
  2 wolf simulacra (IceCv)
  10 gnolls
  12 adders
  A shadow imp (D:5)
  2 ufetubi
  3 worms
  3 dart slugs
  30 orcs
  7 ball pythons
  A bat zombie (D:6)
  5 endoplasms
  2 giant cockroaches (D:3)
  6 goblins
  6 hobgoblins
  5 jackals
  10 kobolds
  3 quokkas
  11 bats
  3 frilled lizards
  10 rats
  A rat zombie (D:6)
211 creatures vanquished.

Vanquished Creatures (collateral kills)
  Maurice (D:8)
  A shadow (D:10)
  3 yaks (D:10)
  A death yak simulacrum (IceCv)
  4 vampire mosquitoes
  A steam dragon (D:8)
  An orc warrior (D:9)
  An ice beast (D:8)
  A kobold brigand (D:9)
  A scorpion (D:6)
  A cane toad simulacrum (IceCv)
  An elephant simulacrum (IceCv)
  A killer bee (D:10)
  An orc priest (D:7)
  An orc wizard (D:7)
  A spriggan simulacrum (IceCv)
  A troll simulacrum (IceCv)
  A naga simulacrum (IceCv)
  A white imp (D:7)
  9 orcs
  2 kobolds
  2 butterflies (D:10)
37 creatures vanquished.

Vanquished Creatures (others)
  A hexer (IceCv)
  2 ancestors (D:7)
3 creatures vanquished.

Grand Total: 251 creatures vanquished

Notes
Turn   | Place    | Note
-------+----------+-------------------------------------------
     0 | D:1      | Demosthentine the Demonspawn Gladiator began the quest for
                  | the Orb.
     0 | D:1      | Reached XP level 1. HP: 16/16 MP: 1/1
   176 | D:1      | Found a faded altar of an unknown god.
   267 | D:1      | Gained mutation: You may rarely emit foul miasma when
                  | damaged in melee. [demonic ancestry]
   267 | D:1      | Reached XP level 2. HP: 22/22 MP: 2/2
   489 | D:2      | Found a sacrificial altar of Ru.
   579 | D:2      | Reached skill level 1 in Armour
   704 | D:2      | You fall into a shaft and drop 2 floors!
   711 | D:4      | Gained mutation: You have large cloven feet. [demonic
                  | ancestry]
   711 | D:4      | Reached XP level 3. HP: 28/28 MP: 3/3
   724 | D:4      | Found a broken altar of Ashenzari.
  1021 | D:2      | Reached XP level 4. HP: 31/34 MP: 4/4
  1641 | D:3      | Reached XP level 5. HP: 16/41 MP: 5/5
  2821 | D:4      | Gained mutation: You sometimes emit foul miasma when
                  | damaged in melee. [demonic ancestry]
  2821 | D:4      | Reached XP level 6. HP: 42/47 MP: 6/6
  3736 | D:4      | Found a blossoming altar of Fedhas.
  3939 | D:5      | Entered Level 5 of the Dungeon
  4122 | D:4      | Gained mutation: You are partially covered in rugged brown
                  | scales. (AC +1, +3% HP) [demonic ancestry]
  4122 | D:4      | Reached XP level 7. HP: 23/55 MP: 7/7
  4607 | D:5      | Noticed Ijyb
  4615 | D:5      | Killed Ijyb
  5016 | D:5      | Found a staircase to the Ecumenical Temple.
  5026 | Temple   | Entered the Ecumenical Temple
  5122 | Temple   | Became a worshipper of Hepliaklqana the Forgotten
  5274 | D:5      | Found a sacrificial altar of Ru.
  5656 | D:6      | Reached skill level 5 in Fighting
  5656 | D:6      | Reached skill level 5 in Dodging
  5656 | D:6      | Gained mutation: You are mostly covered in rugged brown
                  | scales. (AC +2, +5% HP) [demonic ancestry]
  5656 | D:6      | Reached XP level 8. HP: 50/65 MP: 8/8
  5695 | D:6      | Reached skill level 5 in Polearms
  5926 | D:6      | Found Anlubafe's Tremendous Tomes.
  5944 | D:6      | Found a burning altar of Makhleb.
  6014 | D:6      | Noticed Edmund
  6021 | D:6      | Killed Edmund
  6052 | D:6      | Found an opulent altar of Gozag.
  6157 | D:6      | Reached * piety under Hepliaklqana
  6516 | D:6      | Found an ancient bone altar of Kikubaaqudgha.
  6898 | D:6      | Found a shimmering blue altar of Sif Muna.
  6898 | D:6      | Found a sparkling altar of Nemelex Xobeh.
  7015 | D:7      | Reached skill level 5 in Armour
  7029 | D:7      | Gained mutation: You have hoof-like feet. [demonic
                  | ancestry]
  7029 | D:7      | Reached XP level 9. HP: 12/65 MP: 9/9
  7778 | D:7      | Noticed Pikel
  7788 | D:7      | Killed Pikel
  7889 | D:7      | Reached ** piety under Hepliaklqana
  7890 | D:7      | Remembered your ancestor Busisiwe as a hexer
  7971 | D:7      | Found a snail-covered altar of Cheibriados.
  8273 | D:7      | Identified a scroll of acquirement
  8273 | D:7      | Acquired 643 gold pieces
  8767 | D:8      | Noticed Maurice
  8774 | D:8      | Killed Maurice
  8775 | D:8      | Gained mutation: You regenerate a little health from kills.
                  | [demonic ancestry]
  8775 | D:8      | Reached XP level 10. HP: 64/75 MP: 10/10
  8864 | D:9      | Reached skill level 1 in Invocations
  9205 | D:9      | Found an ornate altar of the Wu Jian Council.
  9249 | D:9      | Found a staircase to the Orcish Mines.
 10402 | D:10     | Entered Level 10 of the Dungeon
 10620 | D:10     | Reached *** piety under Hepliaklqana
 10729 | D:10     | Found a staircase to the Lair.
 10752 | D:10     | Found a shimmering altar of Xom.
 10912 | D:10     | Noticed a two-headed ogre
 10922 | D:10     | Killed a two-headed ogre
 10923 | D:10     | Reached skill level 5 in Invocations
 11355 | D:10     | Gained mutation: You have hooves in place of feet. [demonic
                  | ancestry]
 11355 | D:10     | Reached XP level 11. HP: 75/82 MP: 15/15
 11667 | D:11     | Found a frozen archway.
 11692 | IceCv    | Entered an ice cave
 11999 | IceCv    | HP: 3/123 [freezing wraith (7)]
 11999 | IceCv    | Slain by a freezing wraith

Illustrated notes

Levels and vault maps discovered:
D:1:      enne_arrival_octagon_isle, layout_rooms,
          shapermc_ecumenical_altar_starsandcircs, roderic_nine_men_s_morris
D:2:      kb_forest_paths, layout_basic, basic_altar, minmay_fractal_squares_5
D:3:      minmay_evil_eye, layout_loops_ring, st_stairs_9, kennysheep_donut
D:4:      layout_gridville, mainiacjoe_overflow_24_doors, fedhas_altar_3
D:5:      layout_loops_corners, nicolae_ru_path_of_blood, tso_metal_star,
          minmay_temple_entry_junction_2, ebering_dispersal_statue_hall,
          nicolae_grassy_gnolls, uniq_ijyb
D:6:      old_forge, layout_layer_cave, lemuel_zombie_altar_kikubaaqudgha,
          lemuel_round_altar, general_overflow_altar,
          gammafunk_temple_overflow_wave, lemuel_crystal_altar, enter_ossuary_1,
          nicolae_shop_i_like_big_books, uniq_edmund
D:7:      layout_basic, nicolae_overflow_two_pavilions, minmay_microvault,
          uniq_pikel
D:8:      layout_gridville, uniq_maurice
D:9:      layout_basic, mainiacjoe_overflow_surrounded_room, orc_david_3
D:10:     wad_crossroads, layout_basic, xom_butterflies, lair_entry_dummy
D:11:     layout_irregular_city, portal_ice_cave_entry_pillars_1
Temple:   nicolae_temple_ecumenical_triangle
IceCv:    ice_cave_small_necro

Skill      XL: |  1  2  3  4  5  6  7  8  9 10 |
---------------+-------------------------------+-----
Polearms       | 3 4 5 7 8 |  8.4
Armour         | 1 2 3 4 5 6 |  6.5
Dodging        | 3 4 5 6 7 8 |  8.5
Fighting       | 3 4 5 6 7 8 |  8.9
Invocations    | 5 |  5.9
Throwing       | |  1.7

Action                     |  1- 3 |  4- 6 |  7- 9 | 10-12 || total
---------------------------+-------+-------+-------+-------++-------
  Melee: Trident           |    96 |   227 |   318 |   210 ||   851
         Kick              |     7 |    49 |    73 |    77 ||   206
         Punch             |     1 |     3 |     3 |     3 ||    10
  Throw: Throwing net      |       |       |     5 |       ||     5
 Invoke: Ancestor Life: He |       |       |     1 |       ||     1
    Use: Scroll            |     1 |    11 |     6 |     3 ||    21
         Potion            |       |     5 |       |     1 ||     6
   Stab: Sleeping          |     2 |     2 |     1 |     1 ||     6
         Distracted        |       |     1 |     1 |     3 ||     5
         Held in net/web   |       |       |     1 |       ||     1
         Confused          |       |       |       |    10 ||    10
 Armour: Leather armour    |    17 |    38 |    55 |    38 ||   148
  Dodge: Dodged            |    45 |   174 |   215 |   131 ||   565

Table legend: (Time is in decaauts)
 A = Elapsed time spent in this place.
 B = Non-inter-level travel time spent in this place.
 C = Inter-level travel time spent in this place.
 D = Time resting spent in this place.
 E = Time spent auto-exploring this place.
 F = Levels seen in this place.
 G = Mean time per level.
                   A        B        C        D        E       F      G
               +--------+--------+--------+--------+--------+-----+--------+
         Total |  12068 |  11675 |    393 |    582 |   8958 |  13 |  928.3 |
       Dungeon |  11651 |  11258 |    393 |    572 |   8652 |  11 | 1059.2 |
        Temple |    105 |    105 |      0 |      0 |     80 |   1 |  105.0 |
      Ice Cave |    311 |    311 |      0 |     10 |    226 |   1 |  311.0 |
               +--------+--------+--------+--------+--------+-----+--------+

Top non-repeatable levels by time:
     D:9: 1630 daAuts
     D:7: 1351 daAuts
     D:6: 1338 daAuts
     D:5: 1317 daAuts
     D:4: 1301 daAuts
     D:3: 1289 daAuts
     D:2: 1202 daAuts
    D:10: 1106 daAuts
     D:8: 608 daAuts
     D:1: 480 daAuts
   IceCv: 311 daAuts
  Temple: 105 daAuts
    D:11: 24 daAuts
